 Dungeon Crawl Stone Soup version 0.18.1-5-g4a78601 (webtiles) character file.

8185 namelastname112 the Cleaver (level 11, -2/95 HPs)
             Began as a Pale Draconian Fighter on May 14, 2016.
             Was an Elder of Zin.
             Slain by a five-headed hydra (12 damage)
             ... on level 10 of the Dungeon.
             The game lasted 00:14:22 (10880 turns).

namelastname112 the Cleaver (DrFi)                 Turns: 10880, Time: 00:14:23

Health: -2/95      AC: 10    Str: 22    XL:     11   Next: 6%
Magic:  14/16      EV: 15    Int: 12    God:    Zin [****..]
Gold:   486        SH: 11    Dex: 16    Spells: 0 memorised, 10 levels left

rFire  . . .     SeeInvis .     a - +1 war axe
rCold  . . .     Gourm    .     (armour unavailable)
rNeg   . . .     Faith    .     b - +0 shield
rPois  ∞         Spirit   .     (helmet restricted)
rElec  .         Dismiss  .     (no cloak)
rCorr  .         Reflect  .     o - +0 pair of gloves
SustAt .         Harm     .     H - +0 pair of boots
MR     .....                    z - amulet of magic regeneration
Stlth  +.........               L - ring of poison resistance
                                u - ring of wizardry

@: vitalised, short of breath, not resistant to hostile enchantments, very
unstealthy
A: breathe steam, unfitting armour, stinger 1, screaming 1, shaggy fur 1,
cold-blooded, AC +7
a: Breathe Steam, Recite, Vitalisation, Imprison, Donate Gold, Renounce Religion


You were on level 10 of the Dungeon.
You worshipped Zin.
Zin was greatly pleased with you.
You were not hungry.

You visited 2 branches of the dungeon, and saw 11 of its levels.

You collected 540 gold pieces.
You donated 54 gold pieces to Zin.

Inventory:

Hand Weapons
 a - a +1 war axe (weapon)
Armour
 b - a +0 shield (worn)
 o - a +0 pair of gloves (worn)
 H - a +0 pair of boots (worn)
Jewellery
 u - a ring of wizardry (left hand)
 z - an amulet of magic regeneration (around neck)
 L - a ring of poison resistance (right hand)
Wands
 y - a wand of slowing (21/48)
 F - a wand of enslavement (11/24)
Scrolls
 h - 3 scrolls of remove curse
 j - 2 scrolls of identify
 p - 2 scrolls of teleportation
 x - a scroll of amnesia
 E - a scroll of fog
Potions
 c - 3 potions of might
 e - a potion of curing
 i - 2 potions of agility
 n - a potion of invisibility
 q - a potion of brilliance
 t - a potion of haste
 w - 3 potions of magic
 A - a potion of berserk rage
Books
 s - a book of Flames

   Spells                             Type                      Level
   a - Flame Tongue                   Conjuration/Fire             1
   b - Throw Flame                    Conjuration/Fire             2
   c - Conjure Flame                  Conjuration/Fire             3
   d - Inner Flame                    Hexes/Fire                   3
   e - Sticky Flame                   Conjuration/Fire             4
   f - Fireball                       Conjuration/Fire             5
 v - a book of Annihilations

   Spells                             Type                      Level
   a - Poison Arrow                   Conjuration/Poison           6
   b - Chain Lightning                Conjuration/Air              8
   c - Lehudib's Crystal Spear        Conjuration/Earth            8
   d - Glaciate                       Conjuration/Ice              9
   e - Fire Storm                     Conjuration/Fire             9
 I - a book of Unlife

   Spells                             Type                      Level
   a - Recall                         Summoning/Translocation      3
   b - Animate Dead                   Necromancy                   4
   c - Control Undead                 Necromancy                   4
   d - Cigotuvi's Embrace             Necromancy                   5
   e - Death Channel                  Necromancy                   6
   f - Simulacrum                     Ice/Necromancy               6
Comestibles
 d - 3 bread rations
 f - 4 meat rations
 G - 16 fruits


   Skills:
 + Level 8.4 Fighting
 * Level 10.1 Axes
 + Level 6.8 Dodging
 + Level 7.6 Shields
 * Level 7.9 Invocations


You had 10 spell levels left.
You didn't know any spells.

Dungeon Overview and Level Annotations

Branches:
Dungeon (10/15)            Temple (1/1) D:5
   Lair: D:8-11         Orc: D:9-12

Altars:
Ashenzari
Cheibriados
Dithmenos
Elyvilon
Fedhas
Gozag
Kikubaaqudgha
Makhleb
Nemelex Xobeh
Okawaru
Pakellas
Qazlal
Ru
Trog
Vehumet
Xom
Yredelemnul
Zin
The Shining One

Shops:
D:6 }


Innate Abilities, Weirdness & Mutations

You can breathe blasts of scalding, opaque steam.
Your pale cyan-grey scales are hard (AC +7).
Your body does not fit into most forms of armour.
You are cold-blooded and may be slowed by cold attacks.
Your tail ends in a poisonous barb.
You occasionally shout uncontrollably at your foes.
You are covered in fur (AC +1).


Message History

Evoke which item? (* to show all) (? for menu, Esc to quit)
Zapping:
F - a wand of enslavement (will waste charges)
Press: ? - help, Shift-Dir - straight line, f/p - five-headed hydra
Aim: a five-headed hydra (severely wounded, chance to defeat MR: 15%)
The five-headed hydra resists with almost no effort.
Evoking this partially-identified wand wasted a few charges.
The five-headed hydra barely misses you.
You block the five-headed hydra's attack.
The five-headed hydra closely misses you.
The five-headed hydra bites you.
* * * LOW HITPOINT WARNING * * *
The five-headed hydra misses you. The shadow imp barely misses you.
You take 6 damage, and have 20/95 hp.
Zin grants you divine stamina. The five-headed hydra bites you!
* * * LOW HITPOINT WARNING * * *
The five-headed hydra misses you. The five-headed hydra bites you.
* * * LOW HITPOINT WARNING * * *
The five-headed hydra bites you!
You die...

### #.#########
#.......D@#
#.######5## #.# #<#
###.# #.# #...# #.#
#.### #.# #§#
**#.#***
######§#####*,...,,*
...(.§.....#*,###***


You could see a five-headed hydra and a shadow imp.

Vanquished Creatures
  A hill giant (D:10)
  Prince Ribbit (D:7)
  A slime creature (D:7)
  Sigmund (D:4)
  2 wyverns
  A hippogriff (D:10)
  4 yaks (D:10)
  2 hungry ghosts (D:10)
  A water moccasin (D:9)
  Duvessa (D:6)
  2 ice beasts (D:6)
  2 eyes of draining (D:4)
  2 sky beasts
  2 orc warriors
  2 necrophages
  2 phantoms
  9 ogres
  5 centaurs
  2 crocodiles (D:10)
  A big kobold (D:10)
  6 giant frogs
  Dowan (D:6)
  3 scorpions
  7 killer bees
  5 howler monkeys
  3 crimson imps
  A wasp zombie (D:7)
  A centaur zombie (D:10)
  6 hounds
  10 jellies
  17 orc wizards
  6 orc priests
  A giant frog skeleton (D:10)
  3 centaur skeletons
  3 iguanas
  Terence (D:2)
  9 worker ants
  Natasha (twice) (D:2)
  2 hound zombies
  A hound skeleton (D:5)
  A worker ant zombie (D:5)
  11 adders
  6 gnolls
  6 shadow imps
  15 oozes
  An adder skeleton (D:8)
  3 worms
  6 dart slugs
  6 giant geckos
  32 orcs
  2 ball pythons
  7 giant cockroaches
  9 goblins
  5 hobgoblins
  4 jackals
  5 kobolds
  3 quokkas
  9 bats
  6 giant newts
  A jackal skeleton (D:8)
  A quokka skeleton (D:5)
  11 rats
282 creatures vanquished.

Vanquished Creatures (others)
  5 fungi (D:7)
5 creatures vanquished.

Grand Total: 287 creatures vanquished

Notes
Turn   | Place    | Note
--------------------------------------------------------------
     0 | D:1      | namelastname112 the Draconian Fighter began the quest for the Orb.
     0 | D:1      | Reached XP level 1. HP: 19/19 MP: 1/1
   128 | D:1      | Reached XP level 2. HP: 11/26 MP: 2/2
   952 | D:1      | Reached XP level 3. HP: 31/31 MP: 3/3
  1084 | D:2      | Reached skill level 3 in Axes
  1105 | D:2      | HP: 1/31 [poisoned by an adder]
  1542 | D:2      | Noticed Terence
  1543 | D:2      | Noticed Natasha
  1550 | D:2      | Killed Natasha
  1550 | D:2      | Reached XP level 4. HP: 38/40 MP: 4/4
  1561 | D:2      | Killed Terence
  1747 | D:2      | Found a snail-covered altar of Cheibriados.
  1791 | D:2      | Noticed Natasha
  1799 | D:2      | Killed Natasha
  1799 | D:2      | Reached XP level 5. HP: 26/46 MP: 5/5
  2447 | D:3      | Reached skill level 4 in Axes
  2576 | D:3      | Found a basalt altar of Yredelemnul.
  2684 | D:3      | Found a stormy altar of Qazlal.
  2691 | D:3      | Reached XP level 6. HP: 51/53 MP: 6/6
  2987 | D:3      | Found an iron altar of Okawaru.
  3856 | D:4      | Reached skill level 5 in Axes
  3856 | D:4      | Your scales start taking on a pale cyan-grey colour.
  3856 | D:4      | Reached XP level 7. HP: 15/60 MP: 7/7
  4090 | D:4      | Found a bloodstained altar of Trog.
  4112 | D:4      | Reached skill level 5 in Fighting
  4328 | D:4      | Noticed Sigmund
  4339 | D:4      | Killed Sigmund
  4339 | D:4      | Reached skill level 6 in Axes
  4339 | D:4      | Reached skill level 5 in Shields
  4362 | D:4      | Reached XP level 8. HP: 58/69 MP: 8/8
  4725 | D:5      | Entered Level 5 of the Dungeon
  5083 | D:5      | Reached skill level 5 in Dodging
  5131 | D:5      | Reached skill level 7 in Axes
  5138 | D:5      | Gained mutation: Your tail ends in a poisonous barb. [mutagenic meat]
  5139 | D:5      | Gained mutation: You occasionally shout uncontrollably at your foes. [mutagenic meat]
  5140 | D:5      | Gained mutation: You are covered in fur (AC +1). [mutagenic meat]
  5371 | D:5      | Found a white marble altar of Elyvilon.
  5395 | D:5      | Became a worshipper of Elyvilon the Healer
  5514 | D:5      | Found a staircase to the Ecumenical Temple.
  5525 | Temple   | Entered the Ecumenical Temple
  5550 | Temple   | Fell from the grace of Elyvilon
  5550 | Temple   | Became a worshipper of Zin the Law-Giver
  5550 | Temple   | Reached * piety under Zin
  5644 | D:6      | Reached skill level 1 in Invocations
  5668 | D:6      | Found Qoqaogru's Gadget Emporium.
  5745 | D:6      | Noticed Dowan
  5780 | D:6      | Reached XP level 9. HP: 52/78 MP: 10/10
  5783 | D:6      | Killed Dowan
  5910 | D:6      | Noticed Duvessa
  5917 | D:6      | Killed Duvessa
  6339 | D:6      | Reached skill level 8 in Axes
  6519 | D:7      | Found a sparkling altar of Nemelex Xobeh.
  7077 | D:7      | Noticed Prince Ribbit
  7214 | D:7      | Killed Prince Ribbit
  7214 | D:7      | Reached skill level 5 in Invocations
  7601 | D:7      | Reached ** piety under Zin
  7680 | D:7      | Reached XP level 10. HP: 86/86 MP: 14/14
  7933 | D:8      | Reached skill level 9 in Axes
  8385 | D:8      | Found a stormy altar of Qazlal.
  8407 | D:8      | Found a sacrificial altar of Ru.
  8593 | D:8      | Found a blossoming altar of Fedhas.
  8877 | D:9      | Reached *** piety under Zin
  9962 | D:10     | Entered Level 10 of the Dungeon
 10052 | D:10     | Reached **** piety under Zin
 10738 | D:10     | Reached skill level 10 in Axes
 10778 | D:10     | Found a snail-covered altar of Cheibriados.
 10795 | D:10     | Noticed a cyclops
 10795 | D:10     | Noticed a hill giant
 10801 | D:10     | Noticed a red ugly thing
 10826 | D:10     | Killed a hill giant
 10826 | D:10     | Reached XP level 11. HP: 45/95 MP: 16/16
 10834 | D:10     | Noticed a four-headed hydra
 10880 | D:10     | Slain by a five-headed hydra

Skill      XL: |  1  2  3  4  5  6  7  8  9 10 |
---------------+-------------------------------+-----
Axes           | 3 4 5 6 7 8 10 | 10.1
Dodging        | 3 4 5 6 |  6.8
Fighting       | 4 5 6 7 8 |  8.4
Shields        | 4 5 6 7 |  7.6
Invocations    | 2 5 7 |  7.9

Action                   |  1- 3 |  4- 6 |  7- 9 | 10-12 || total
-------------------------+-------+-------+-------+-------++-------
Melee: War axe           |    63 |   221 |   349 |   319 ||   952
       Tailslap          |     4 |    17 |    69 |    46 ||   136
Invok: Recite            |       |       |     1 |    10 ||    11
       Vitalisation      |       |       |       |     1 ||     1
 Abil: Breathe Steam     |       |       |    17 |    10 ||    27
Evoke: Wand              |       |       |       |     1 ||     1
  Use: Potion            |     1 |       |       |     2 ||     3
       Scroll            |       |       |       |    18 ||    18
 Stab: Sleeping          |       |     1 |       |     1 ||     2
       Distracted        |       |       |     1 |       ||     1
       Invisible         |       |       |       |     3 ||     3
       Confused          |       |       |       |     2 ||     2
  Eat: Chunk             |     2 |     8 |    15 |    10 ||    35
       Fruit             |       |       |     1 |     1 ||     2
       Meat ration       |       |       |       |     2 ||     2
       Pizza             |       |       |       |     1 ||     1
Armor: Skin              |    16 |    74 |    78 |    99 ||   267
Dodge: Dodged            |    36 |   102 |   150 |   177 ||   465
Block: Shield            |    43 |   135 |   208 |   196 ||   582
